 Dungeon Crawl Stone Soup version 0.13-a0-2676-gd993d8a (webtiles) character file.

260 Kae the Ducker (level 4, 21/21 HPs)
             Began as a Felid Berserker on Aug 12, 2013.
             Was a Believer of Trog.
             Quit the game on Level 3 of the Dungeon.
             The game lasted 00:03:57 (2440 turns).

Kae the Ducker (Felid Berserker)                    Turns: 2440, Time: 00:03:57

HP  21/21        AC  1     Str 13      XL: 4   Next: 25%
MP   6/6         EV 20     Int  9      God: Trog [**....]
Gold 175         SH  0     Dex 16      Spells:  0 memorised,  3 levels left
Lives: 0, deaths: 1

Res.Fire  : . . .   See Invis. : +     - Unarmed
Res.Cold  : . . .   Warding    : .   (armour unavailable)
Life Prot.: . . .   Conserve   : .   (shield unavailable)
Res.Poison: .       Res.Corr.  : .   (helmet unavailable)
Res.Elec. : .       Clarity    : .   (cloak unavailable)
Sust.Abil.: . .     Spirit.Shd : .   (gloves unavailable)
Res.Mut.  : .       Stasis     : .   (boots unavailable)
Res.Rott. : .       Flight     : .   (no amulet)
Saprovore : . . .                    (no ring)
                                     (no ring)

@: quick, slightly resistant to hostile enchantments, fairly stealthy
A: paw claws, no armour, no advanced items, fangs 3, see invisible, carnivore 3,
speed 1, slow metabolism 1, AC +1
a: Burn Spellbooks, Berserk, Trog's Hand, Renounce Religion


You were on level 3 of the Dungeon.
You worshipped Trog.
Trog was most pleased with you.
You were not hungry.

You visited 1 branch of the dungeon, and saw 3 of its levels.

You collected 155 gold pieces.

Inventory:

Comestibles
 c - 2 meat rations
Scrolls
 b - 3 scrolls of remove curse {unknown}
 f - 2 scrolls of enchant weapon II {unknown}
 g - a scroll of curse weapon {unknown}
 h - 2 scrolls of teleportation {unknown}
 i - a scroll of recharging {unknown}
 j - a scroll of enchant weapon I {unknown}
 k - a scroll of amnesia {unknown}
 l - a scroll of identify {unknown}
 m - a scroll of fog {unknown}
 o - a scroll of random uselessness {unknown}
Potions
 a - 2 potions of curing {unknown}
 d - 3 potions of heal wounds
 e - 2 potions of paralysis {unknown}


   Skills:
 + Level 3.9 Fighting
 + Level 5.2 Dodging
 * Level 4.8 Unarmed Combat


You had 3 spell levels left.
You didn't know any spells.

Dungeon Overview and Level Annotations

Branches:
Dungeon (3/27)

Altars:
Makhleb


Innate Abilities, Weirdness & Mutations

You cannot wear armour.
You are incapable of any advanced item manipulation.
Your paws have sharp claws.
You have razor-sharp teeth.
You have supernaturally acute eyesight.
You are carnivorous and can eat meat at any time.
You cover ground quickly.
You are covered in fur (AC +1).
You have a slow metabolism.


Message History

You open the door.
There is an open door here.
There is an open door here.
There is an open door here.
There is an open door here.
A bat comes into view.
The bat closely misses you.
Found a dagger.
You offer a prayer to Trog.
Trog is most pleased with you.
A bat is nearby!
You barely miss the bat. The bat hits you. The bat barely misses you.
The bat closely misses you.
You closely miss the bat. The bat completely misses you.
You scratch the bat.
You kill the bat!
Trog accepts your kill.
No target in view!
Are you sure you want to abandon this character and quit the game? (Confirm with "yes".)

###........# .
(.#........# .#
#.'........# .#
###.(......# .#
#####'#### .# ###...# .#
#...### ###.######
##'###########........#
##.........##...@......#
.'.........##.#%.....).#
.#.........##.#........#
##.........##.#........#
#.........'..#........#
#......[..####........
#.........# ########
#.........# ###########


There were no monsters in sight!

Vanquished Creatures
  A hound (D:2)
  The ghost of tehnar the Charmwright, an average NaSk (D:3)
  A crocodile skeleton (D:3)
  2 adders (D:2)
  A giant mite (D:2)
  2 worms (D:2)
  An orc (D:3)
  6 bats
  3 giant cockroaches
  8 hobgoblins
  2 jackals (D:2)
  A quokka (D:2)
  A ball python (D:2)
  3 giant geckos
  4 giant newts
  10 goblins
  3 kobolds
  5 rats
55 creatures vanquished.

Notes
Turn   | Place    | Note
--------------------------------------------------------------
     0 | D:1      | Kae, the Felid Berserker, began the quest for the Orb.
     0 | D:1      | Reached XP level 1. HP: 10/10 MP: 1/1
   430 | D:2      | Reached XP level 2. HP: 14/14 MP: 2/2
   561 | D:2      | Acquired Trog's second power
   561 | D:2      | Reached XP level 3. HP: 15/18 MP: 4/4
  1717 | D:2      | Reached XP level 4. HP: 19/21 MP: 6/6
  1824 | D:2      | Found a burning altar of Makhleb.
  1824 | D:2      | Noticed a hound
  1833 | D:2      | Killed a hound
  2032 | D:3      | Reached skill level 5 in Dodging
  2319 | D:3      | Noticed tehnar's ghost (average NaSk)
  2321 | D:3      | Reached XP level 5. HP: 20/25 MP: 7/7
  2327 | D:3      | Killed tehnar's ghost
  2397 | D:3      | Slain by a gnoll
  2398 | D:3      | Reached XP level 4. HP: -3/21 MP: 6/6
  2440 | D:3      | Quit the game

Action                   |  1- 3 |  4- 6 || total
-------------------------+-------+-------++-------
Melee: Unarmed           |   117 |    66 ||   183
Invok: Burn Spellbooks   |       |     1 ||     1
       Berserk           |       |     1 ||     1
       Trog's Hand       |       |     1 ||     1
  Use: Potion            |     1 |       ||     1
 Stab: Sleeping          |     1 |     2 ||     3
